 Dungeon Crawl Stone Soup version 0.32-a0-18-g89e19f1974 (webtiles) character file.

Game seed: 15624517883519828917

720 Curundu the Cleaver (level 7, 0/61 HPs)
             Began as a Minotaur Berserker on Jan 16, 2024.
             Was a Priest of Trog.
             Slain by an orc
             ... wielding a +0 trident
              (3 damage)
             ... on level 5 of the Dungeon.
             The game lasted 00:12:32 (4643 turns).

Curundu the Cleaver (Minotaur Berserker)            Turns: 4643, Time: 00:12:32

Health: 0/61       AC: 10    Str: 24    XL:     7   Next: 42%
Magic:  6/6        EV:  9    Int:  4    God:    Trog [***...]
Gold:   240        SH:  0    Dex:  9    Spells: 6/6 levels left

rFire   . . .        o - +0 war axe
rCold   . . .        (no shield)
rNeg    . . .        d - +0 chain mail
rPois   +            (helmet restricted)
rElec   .            (no cloak)
rCorr   .            e - +0 pair of gloves
SInv    .            (no boots)
Will    ++...        (no amulet) Stlth
                     h - ring of poison resistance
HPRegen 1.30/turn    (no ring)
MPRegen 0.10/turn

%: no passive effects
@: strong-willed (expiring), regenerating (expiring)
A: horns 2, retaliatory headbutt
a: Renounce Religion, Berserk, Trog's Hand


You were on level 5 of the Dungeon.
You worshipped Trog.
Trog was most pleased with you.
You visited 1 branch of the dungeon, and saw 5 of its levels.

You collected 240 gold pieces.

Inventory:

Hand Weapons
 a - a +0 hand axe
 o - a +0 war axe (weapon)
Missiles
 f - 2 boomerangs (quivered)
Armour
 d - a +0 chain mail (worn)
 e - a +0 pair of gloves (worn)
Jewellery
 h - a ring of poison resistance (left hand)
 n - a ring of willpower
Wands
 k - a wand of mindburst (10)
Scrolls
 c - a scroll of fear
 m - 2 scrolls of teleportation
Potions
 g - a potion of magic
 i - 4 potions of heal wounds
 j - a potion of curing
 l - a potion of haste


   Skills:
 - Level 5.2 Fighting
 + Level 8.2 Axes
 - Level 4.4 Armour
 - Level 4.0 Dodging


You had 6 spell levels left.
You didn't know any spells.
Your spell library was empty.

Dungeon Overview and Level Annotations

Branches:
Dungeon (5/15)
 Temple: D:4-7

Altars:
Cheibriados
Fedhas
Nemelex Xobeh
Uskayaw


Innate Abilities, Weirdness & Mutations

You have a pair of horns on your head.
You reflexively headbutt those who attack you in melee.


Message History

The orc priest barely misses you. You furiously retaliate!
You headbutt the orc priest!
You kill the orc priest!
Trog accepts your kill. The orc barely misses you. The howler monkey hits you.
* * * LOW HITPOINT WARNING * * *
The water moccasin bites you.
* * * LOW HITPOINT WARNING * * *
You closely miss the howler monkey.
The howler monkey is heavily wounded.
You slash the water moccasin! You barely miss something.
You feel the effects of Trog's Hand fading.
Something hits you but does no damage.
The orc hits you from afar with a +0 trident.
* * * LOW HITPOINT WARNING * * *
The howler monkey hoots and howls with incredible vigour!
The water moccasin bites you but does no damage.
You hit the howler monkey.
The howler monkey is severely wounded.
You hit the water moccasin.
You kill the water moccasin!
Trog accepts your kill.
You hit the orc wizard. You barely miss the orc.
The howler monkey hoots and howls with incredible vigour!
The orc hits you from afar with a +0 trident.
* * * LOW HITPOINT WARNING * * *
The orc wizard hits you but does no damage.
The howler monkey hits you but does no damage.
The orc hits you but does no damage. The orc closely misses you.
Your Axes skill increases to level 8!
You slash the howler monkey!
You kill the howler monkey!
Trog accepts your kill.
You hit something. You closely miss the orc wizard. You closely miss the orc.
The orc wizard hits you but does no damage.
Something hits you.
* * * LOW HITPOINT WARNING * * *
The orc closely misses you.
The orc hits you from afar with a +0 trident.
You die...

...... ..
... ....##..
........#. .
........ ..
...... ...
#.#.. .o..
##.#o#
.....#..{@#
o......ooo#
.......<..#
......#....#
..... ##...#
.... ##!.#
... ....# #.
#.### # ###


You could see an orc wizard and 3 orcs.

Vanquished Creatures
  A water moccasin (D:5)
  An ogre (D:4)
  A centaur (D:5)
  A scorpion (D:4)
  2 howler monkeys
  A bombardier beetle (D:4)
  2 hounds
  2 orc priests (D:5)
  2 orc wizards
  Robin (D:2)
  4 adders
  A white imp (D:4)
  A dart slug (D:1)
  6 orcs
  13 endoplasms
  3 giant cockroaches
  15 goblins
  15 hobgoblins
  7 jackals
  7 kobolds
  5 quokkas
  4 ball pythons
  5 bats
  5 frilled lizards
  5 rats
110 creatures vanquished.

Notes
Turn   | Place    | Note
-------+----------+-------------------------------------------
     0 | D:1      | Curundu the Minotaur Berserker began the quest for the Orb.
     0 | D:1      | Reached XP level 1. HP: 19/19 MP: 0/0
   120 | D:1      | Reached XP level 2. HP: 23/27 MP: 1/1
   385 | D:1      | Reached skill level 4 in Axes
  1085 | D:2      | Found a sparkling altar of Nemelex Xobeh.
  1113 | D:2      | Reached XP level 3. HP: 32/33 MP: 2/2
  1288 | D:2      | Reached ** piety under Trog
  1619 | D:2      | Noticed Robin
  1628 | D:2      | Reached XP level 4. HP: 33/41 MP: 3/3
  1631 | D:2      | Killed Robin
  1859 | D:2      | Found a faded altar of an unknown god.
  2561 | D:3      | Noticed a +0 short sword
  2561 | D:3      | Noticed a +0 dagger
  2562 | D:3      | Noticed a +0 short sword
  2563 | D:3      | Noticed a +0 falchion
  2565 | D:3      | Noticed a +0 falchion
  2566 | D:3      | Noticed a +0 dagger
  2566 | D:3      | Noticed a +0 spear
  2567 | D:3      | Found a hide-covered altar of Uskayaw.
  2567 | D:3      | Noticed a +0 spear
  2662 | D:3      | Reached XP level 5. HP: 32/47 MP: 4/4
  3271 | D:3      | Found a snail-covered altar of Cheibriados.
  3791 | D:4      | Reached skill level 5 in Fighting
  3791 | D:4      | Reached skill level 5 in Axes
  3820 | D:4      | Noticed an ogre
  3834 | D:4      | Killed an ogre
  3835 | D:4      | Reached XP level 6. HP: 56/56 MP: 5/5
  3854 | D:4      | Found a blossoming altar of Fedhas.
  3871 | D:4      | Reached *** piety under Trog
  4025 | D:4      | Reached skill level 6 in Axes
  4624 | D:5      | Entered Level 5 of the Dungeon
  4631 | D:5      | Noticed a water moccasin
  4640 | D:5      | Reached skill level 7 in Axes
  4640 | D:5      | Reached XP level 7. HP: 12/61 MP: 6/6
  4643 | D:5      | Reached skill level 8 in Axes
  4643 | D:5      | HP: 3/61 [something (2)]
  4643 | D:5      | Slain by an orc

Illustrated notes

Levels and vault maps discovered:
D:1:      dpeg_arrival_arbitrary_a, layout_basic
D:2:      layout_loops_ring, shapermc_ecumenical_altar_flowoftime,
          serial_co_window_serial, co_window_of_opportunity_a,
          co_window_corner_a, co_window_corner_a, co_window_corner_a,
          co_window_paths_b, co_window_cross_4, co_window_corner_b,
          co_window_broadway_b, co_window_of_opportunity_c, co_window_2corner,
          co_window_4corner_b, co_window_paths_e, glass_columns_a,
          glass_columns_c, glass_columns_b, basic_altar, uniq_robin
D:3:      layout_basic, nicolae_uskayaw_en_pointe, marbit_many_paths,
          reono_crystal_passage, minmay_puff
D:4:      layout_basic, mainiacjoe_overflow_concentric_impassable
D:5:      layout_cave_pools, nemelex_dance_club_becter,
          mainiacjoe_overflow_six_doors_small

Skill      XL: |  1  2  3  4  5  6  7 |
---------------+----------------------+-----
Axes           | 4 5 7 8 |  8.2
Fighting       | 4 5 |  5.2
Armour         | 3 4 |  4.4
Dodging        | 3 4 |  4.0

Action                     |  1- 3 |  4- 6 |  7- 9 || total
---------------------------+-------+-------+-------++-------
  Melee: Hand axe          |   112 |   131 |       ||   243
         Headbutt          |    11 |    20 |       ||    31
         Punch             |     1 |       |       ||     1
         War axe           |       |    10 |     4 ||    14
 Invoke: Trog's Hand       |       |     1 |       ||     1
    Use: Scroll            |     3 |     9 |       ||    12
 Armour: Animal skin       |     3 |       |       ||     3
         Chain mail        |    79 |   129 |    14 ||   222
  Dodge: Dodged            |    45 |    91 |     4 ||   140

Table legend: (Time is in decaauts)
 A = Elapsed time spent in this place.
 B = Non-inter-level travel time spent in this place.
 C = Inter-level travel time spent in this place.
 D = Time resting spent in this place.
 E = Time spent auto-exploring this place.
 F = Levels seen in this place.
 G = Mean time per level.
                   A        B        C        D        E       F      G
               +--------+--------+--------+--------+--------+-----+--------+
         Total |   4661 |   4661 |      0 |     67 |   3349 |   5 |  932.2 |
       Dungeon |   4661 |   4661 |      0 |     67 |   3349 |   5 |  932.2 |
               +--------+--------+--------+--------+--------+-----+--------+

Top non-repeatable levels by time:
     D:2: 1517 daAuts
     D:3: 1299 daAuts
     D:1: 952 daAuts
     D:4: 871 daAuts
     D:5: 20 daAuts
